 Dungeon Crawl Stone Soup version 0.28.0-53-g5a82cb258f (webtiles) character file.

Game seed: 6130201540114910072

213 safid the Digger (level 5, -5/32 HPs)
             Began as a Gargoyle Earth Elementalist on Sept 9, 2022.
             Slain by a wyvern skeleton (9 damage)
             ... on level 4 of the Dungeon.
             The game lasted 00:06:16 (4239 turns).

safid the Digger (Gargoyle Earth Elementalist)      Turns: 4239, Time: 00:06:16

Health: -5/32      AC:  7    Str: 12    XL:     5   Next: 90%
Magic:  7/19       EV: 12    Int: 17    God:
Gold:   254        SH:  0    Dex: 10    Spells: 9/10 levels left

rFire   . . .      SeeInvis .   l - +0 short sword
rCold   . . .      Faith    .   (no shield)
rNeg    + . .      Spirit   .   b - +0 robe
rPois   ∞          Reflect  .   e - +0 helmet
rElec   +          Harm     .   (no cloak)
rCorr   .          Rampage  .   (no gloves)
Will    .....                   (no boots)
Stlth   ++........              (no amulet)
HPRegen 0.10/turn               h - ring of magical power
MPRegen 0.16/turn               (no ring)

@: no status effects
A: sickness immunity, AC +4, negative energy resistance 1, electricity
resistance, torment resistance 1, petrification resistance
a: no special abilities


You were on level 4 of the Dungeon.
You visited 1 branch of the dungeon, and saw 4 of its levels.

You collected 254 gold pieces.

Inventory:

Hand Weapons
 l - a +0 short sword (weapon)
Missiles
 c - 100 stones
 d - 5 curare-tipped darts
Armour
 b - a +0 robe (worn)
 e - a +0 helmet (worn)
Jewellery
 h - a ring of magical power (left hand)
Scrolls
 f - 3 scrolls of identify {unknown}
 g - a scroll of silence {unknown}
 i - a scroll of brand weapon {unknown}
 j - 4 scrolls of vulnerability {unknown}
 m - 3 scrolls of enchant armour {unknown}
Potions
 a - 2 potions of mutation {unknown}
 k - a potion of magic {unknown}


   Skills:
 + Level 3.1 Fighting
 - Level 2.0 Dodging
 - Level 2.1 Stealth
 + Level 3.4 Spellcasting
 - Level 0.7 Transmutations
 + Level 5.2 Earth Magic


You had 9 spell levels left.
You knew the following spells:

 Your Spells              Type           Power      Damage    Failure   Level
a - Sandblast             Erth           40%        2d10      1%          1

Your spell library contained the following spells:

 Spells                   Type           Power      Damage    Failure   Level
 Passwall                 Tmut/Erth      10%        N/A       8%          2
 Stone Arrow              Conj/Erth      22%        3d8       17%         3
 Petrify                  Tmut/Erth      12%        N/A       45%         4


Dungeon Overview and Level Annotations

Branches:
Dungeon (4/15)
 Temple: D:4-7

Altars:
Okawaru
Beogh

Shops:
D:1 (


Innate Abilities, Weirdness & Mutations

You are immune to sickness and miasma.
Your stone body is resilient. (AC +4)
You are immune to poison.
You resist negative energy. (rN+)
You are resistant to electric shocks. (rElec)
You are resistant to unholy torment.
You are immune to petrification.


Message History

Confirm with . or Enter, or press ? or * to list all spells.
Aiming: Sandblast (safe; 2% risk of failure)
Press: ? - help, Shift-Dir - straight line, f/p - scorpion
Aim: a scorpion (severely wounded, 79% to hit)
The blast of sand hits the scorpion.
The scorpion is almost dead.
The scorpion misses you. The scorpion stings you.
* * * LOW HITPOINT WARNING * * *
Casting: Sandblast (safe; 2% risk of failure)
Confirm with . or Enter, or press ? or * to list all spells.
Aiming: Sandblast (safe; 2% risk of failure)
Press: ? - help, Shift-Dir - straight line, f/p - scorpion
Aim: a scorpion (almost dead, 79% to hit)
The blast of sand misses the scorpion.
The scorpion closely misses you.
Unknown command.
Casting: Sandblast (safe; 2% risk of failure)
Confirm with . or Enter, or press ? or * to list all spells.
Aiming: Sandblast (safe; 2% risk of failure)
Press: ? - help, Shift-Dir - straight line, f/p - scorpion
Aim: a scorpion (almost dead, 79% to hit)
The blast of sand misses the scorpion.
The scorpion barely misses you.
Unknown command.
Casting: Sandblast (safe; 2% risk of failure)
Confirm with . or Enter, or press ? or * to list all spells.
Aiming: Sandblast (safe; 2% risk of failure)
Press: ? - help, Shift-Dir - straight line, f/p - scorpion
Aim: a scorpion (almost dead, 79% to hit)
The blast of sand hits the scorpion!
You kill the scorpion!
Your Fighting skill increases to level 3!
Your Earth Magic skill increases to level 5!
Casting: Sandblast (safe; 1% risk of failure)
Confirm with . or Enter, or press ? or * to list all spells.
Aiming: Sandblast (safe; 1% risk of failure)
Press: ? - help, Shift-Dir - straight line, f - wyvern skeleton
Aim: a wyvern skeleton (heavily damaged, 98% to hit)
The blast of sand hits the wyvern skeleton!
The wyvern skeleton is severely damaged.
The wyvern skeleton bites you!
You die...

###..#.## ##..#...
###...#..
#..####..
###....#.####
##.#....#....####
##..#....#.......#
#.....##.Z........
#......@#...!....
#.......#.###.###
#.......#.#
##.#....#.#
###.####.# ### #..
#.. #..


You could see a wyvern skeleton.

Vanquished Creatures
  A scorpion (D:4)
  An orc priest (D:3)
  An orc wizard (D:3)
  An adder (D:3)
  A worm (D:2)
  7 dart slugs
  3 orcs (D:3)
  4 bats
  4 endoplasms
  6 giant cockroaches
  3 goblins (D:2)
  13 hobgoblins
  4 jackals (D:3)
  9 kobolds
  2 quokkas (D:1)
  2 ball pythons (D:3)
  A jackal skeleton (D:2)
  7 rats
70 creatures vanquished.

Notes
Turn   | Place    | Note
-------+----------+-------------------------------------------
     0 | D:1      | safid the Gargoyle Earth Elementalist began the quest for
                  | the Orb.
     0 | D:1      | Reached XP level 1. HP: 10/10 MP: 3/3
   298 | D:1      | Reached XP level 2. HP: 16/16 MP: 0/5
  1084 | D:1      | Reached skill level 1 in Fighting
  1256 | D:1      | Reached skill level 4 in Earth Magic
  1261 | D:1      | Reached XP level 3. HP: 17/20 MP: 6/6
  1421 | D:1      | Found Ucawiu's Weapon Shop.
  2575 | D:2      | Reached XP level 4. HP: 15/26 MP: 7/7
  3064 | D:3      | Found a faded altar of an unknown god.
  3347 | D:3      | Reached XP level 5. HP: 7/31 MP: 8/9
  3720 | D:3      | Found an iron altar of Okawaru.
  4239 | D:4      | Reached skill level 5 in Earth Magic
  4239 | D:4      | Slain by a wyvern skeleton

Illustrated notes

Levels and vault maps discovered:
D:1:      minmay_arrival_wavy_path, layout_basic, serial_bayou,
          serial_bayou_shore_a, serial_bayou_pond_e, serial_bayou_lagoon_b,
          serial_bayou_pond_e, serial_bayou_lake_a, serial_bayou_ford_a,
          serial_shops, nicolae_shop_bloodbath_and_beyond
D:2:      layout_loops_cross, kennysheep_generic_room_4
D:3:      layout_rooms, okawaru_altar_gauntlet_db,
          hellmonk_ecumenical_altar_dog_temple, kennysheep_orc_chapel
D:4:      minmay_recursive_quarters, layout_cave_pools, lightli_temple_of_fire

Skill      XL: |  1  2  3  4  5 |
---------------+----------------+-----
Fighting       | 1 2 3 |  3.1
Earth Magic    | 4 5 |  5.2
Dodging        | 2 |  2.0
Spellcasting   | 3 |  3.4
Stealth        | |  2.1
Transmutations | |  0.7

Action                   |  1- 3 |  4- 6 || total
-------------------------+-------+-------++-------
Melee: Unarmed           |    46 |       ||    46
       Hand axe          |    48 |       ||    48
       Short sword       |    46 |   120 ||   166
       Punch             |     1 |     1 ||     2
 Cast: Sandblast         |    18 |    26 ||    44
 Stab: Sleeping          |     4 |     4 ||     8
Armor: Robe              |    55 |    66 ||   121
Dodge: Dodged            |   123 |   118 ||   241
